Map: Thunderbird LE

Players

Scarlett - Winner!

  • Race: Zerg Zerg
  • Spawn Location: 11:00

GunGFuBanDa

  • Race: Protoss Protoss
  • Spawn Location: 5:00

Event: 2019 WCS Summer

VOD

Have the link to the VOD?

Description

Time

  • Played on: July 12, 2019, 1:18 p.m.
  • Length: 10:12

All games in this series

Show
View Real Time Build Order
Export as new Build Order

Scarlett Zerg - Winner!

Build Orders: Hatch First, Swarm Host 

Get SALT Encoding   

  12  0:00  Drone  
  13  0:12  Overlord  
  13  0:17  Drone  
  14  0:30  Drone x2  
  16  0:38  Drone  
  17  0:50  Hatchery  
  17  0:54  Drone  
  17  0:57  Drone  
  18  1:08  Extractor  
  17  1:13  Spawning Pool  
  17  1:16  Drone  
  17  1:19  Drone  
  18  1:28  Drone  
  19  1:39  Drone  
  20  1:45  Hatchery  
  19  1:51  Drone  
  20  2:01  Drone  
  21  2:03  Drone, Queen  
  24  2:13  Queen  
  26  2:18  Overlord  
  26  2:21  Drone  
  27  2:25  Drone  
  27  2:29  Metabolic Boost  
  28  2:37  Drone x2  
  28  2:38  Drone  
  28  2:43  Drone  
  32  2:46  Drone  
  32  2:48  Queen  
  35  2:57  Drone  
  35  2:58  Overlord  
  36  3:00  Drone  
  36  3:05  Queen  
  39  3:06  Zergling x2  
  39  3:10  Drone x2  
  42  3:16  Drone x4  
  46  3:21  Overlord  
  46  3:22  Drone  
  46  3:24  Drone  
  46  3:25  Drone  
  50  3:27  Drone  
  50  3:30  Spore Crawler  
  50  3:32  Drone  
  50  3:37  Overlord  
  50  3:40  Drone  
  50  3:41  Drone x2  
  53  3:44  Queen  
  53  3:48  Zergling x2  
  56  3:54  Spore Crawler  
  56  3:55  Zergling x8  
  59  3:57  Zergling x4  
  59  3:59  Drone  
  59  4:00  Drone  
  59  4:01  Drone  
  64  4:03  Overlord  
  64  4:08  Lair  
  64  4:10  Drone x2  
  66  4:17  Overlord  
  66  4:21  Extractor  
  66  4:22  Queen, Overlord x2  
  67  4:29  Drone, Overlord  
  67  4:30  Drone x3  
  71  4:37  Zergling x10, Extractor  
  71  4:38  Extractor  
  74  4:51  Zergling x12  
  76  5:03  Drone x2  
  76  5:04  Drone x5  
  76  5:06  Overseer  
  78  5:15  Drone x5  
  78  5:20  Hydralisk Den  
  78  5:25  Drone x3  
  76  5:30  Drone  
  76  5:31  Drone x4  
  76  5:34  Drone  
  80  5:37  Evolution Chamber  
  80  5:38  Drone  
  80  5:41  Drone, Pneumatized Carapace, Extractor  
  80  5:42  Hatchery  
  79  5:43  Extractor  
  79  5:47  Drone  
  79  5:48  Drone  
  80  5:52  Overlord, Grooved Spines  
  80  5:56  Drone  
  81  5:59  Drone x3  
  81  6:02  Hydralisk  
  81  6:03  Hydralisk  
  87  6:05  Overseer  
  87  6:06  Zerg Missile Weapons Level 1  
  87  6:08  Drone x3  
  90  6:13  Drone  
  90  6:14  Hydralisk  
  93  6:24  Hydralisk x4  
  100  6:36  Hydralisk x5  
  100  6:39  Overlord x2  
  110  6:42  Infestation Pit  
  109  6:47  Overlord x4  
  109  6:49  Baneling Nest  
  108  6:58  Hydralisk x4  
  116  7:11  Zergling x16  
  124  7:20  Muscular Augments  
  124  7:26  Drone x12  
  136  7:39  Centrifical Hooks  
  133  7:46  Swarm Host x7  
  133  7:48  Overlord x3  
  133  7:50  Zergling x6  
  156  7:55  Nydus Network  
  156  7:58  Swarm Host  
  155  8:02  Drone x5  
  155  8:03  Extractor  
  155  8:04  Extractor  
  161  8:10  Swarm Host x2  
  167  8:13  Drone x4  
  169  8:20  Drone x7  
  169  8:24  Hatchery  
  170  8:30  Spine Crawler  
  170  8:32  Spine Crawler  
  170  8:33  Zergling x16  
  176  8:34  Nydus Canal  
  176  8:36  Baneling x12  
  176  8:46  Zergling x12  
  176  8:47  Baneling x7  
  182  8:49  Nydus Canal  
  182  8:58  Zergling x20  
  182  8:59  Hive  
  182  9:01  Spore Crawler  
  191  9:03  Spine Crawler  
  190  9:15  Spire  
  189  9:19  Baneling x15  
  189  9:20  Overlord x2  
  189  9:29  Extractor  
  183  9:37  Nydus Canal  
  194  10:10  Nydus Canal  
Show
View Real Time Build Order
Export as new Build Order

GunGFuBanDa Protoss 

Build Orders: 1 Gate Expand, Zealot Archon, Archon Drop, Dark Templar Rush 

Get SALT Encoding   

  12  0:00  Probe  
  13  0:12  Probe  
  14  0:16  Pylon  
  14  0:23  Probe  
  15  0:31  Probe  
  16  0:37  Gateway  
  16  0:39  Probe  
  16  0:48  Assimilator  
  17  0:52  Probe  
  19  1:04  Probe  
  19  1:16  Probe  
  20  1:25  Nexus  
  20  1:36  Cybernetics Core  
  20  1:38  Probe  
  21  1:43  Assimilator  
  21  1:50  Probe  
  21  1:53  Pylon  
  22  2:02  Probe  
  22  2:03  Stalker  
  23  2:10  Probe  
  26  2:18  Probe, Twilight Council  
  27  2:26  Warp Gate  
  27  2:28  Probe  
  27  2:33  Probe  
  28  2:41  Probe  
  28  2:42  Probe  
  30  2:49  Robotics Facility  
  31  2:52  Probe  
  31  2:53  Probe  
  33  3:04  Probe, Gateway  
  34  3:08  Gateway  
  34  3:13  Probe  
  34  3:15  Probe  
  34  3:18  Dark Shrine  
  36  3:23  Probe  
  36  3:24  Adept  
  36  3:25  Probe  
  36  3:27  Warp Prism  
  39  3:31  Probe  
  40  3:38  Probe  
  44  3:41  Assimilator  
  44  3:42  Probe  
  44  3:46  Pylon  
  45  3:51  Probe  
  45  3:53  Assimilator  
  46  4:03  Pylon  
  46  4:04  Probe x2  
  48  4:16  Probe x2  
  50  4:17  Pylon  
  50  4:18  Forge  
  50  4:28  Observer, Probe x2  
  50  4:31  Dark Templar x3  
  59  4:41  Probe  
  60  4:51  Protoss Ground Weapons Level 1  
  57  4:53  Probe  
  57  4:54  Probe  
  50  5:04  Adept, Dark Templar  
  50  5:05  Dark Templar  
  47  5:10  Probe x2  
  43  5:20  Probe  
  42  5:22  Probe  
  42  5:26  Warp Prism  
  40  5:29  Probe  
  40  5:34  Probe  
  42  5:36  Dark Templar  
  42  5:37  Probe  
  45  5:43  Zealot  
  45  5:44  Archon x2  
  45  5:46  Probe  
  45  5:48  Probe  
  49  5:53  Adept  
  51  5:58  Probe  
  51  6:00  Probe  
  53  6:10  Probe  
  54  6:13  Probe  
  54  6:15  Sentry  
  54  6:16  Zealot x2  
  61  6:22  Probe, Pylon  
  61  6:25  Probe  
  63  6:28  Blink  
  63  6:34  Probe  
  63  6:36  Nexus  
  63  6:37  Probe  
  63  6:38  Pylon  
  65  6:46  Probe  
  66  6:49  Probe  
  67  6:58  Probe, Sentry x2  
  72  7:08  Probe  
  72  7:09  Probe  
  72  7:12  Gateway  
  72  7:13  Robotics Bay  
  74  7:17  Probe  
  74  7:18  Probe  
  76  7:24  Pylon, Protoss Ground Weapons Level 2  
  76  7:26  Probe  
  76  7:27  Adept  
  76  7:28  Adept  
  76  7:29  Probe  
  81  7:30  Zealot  
  81  7:35  Probe  
  84  7:40  Pylon  
  84  7:41  Probe  
  84  7:42  Pylon  
  86  7:47  Probe  
  86  7:49  Colossus  
  87  7:53  Probe  
  87  7:56  Probe  
  87  7:57  Stalker  
  87  7:58  Stalker, Sentry  
  95  7:59  Probe  
  95  8:05  Probe  
  103  8:08  Probe  
  103  8:11  Probe  
  105  8:13  Assimilator  
  105  8:17  Assimilator, Probe  
  106  8:20  Probe  
  106  8:23  Probe  
  106  8:28  Pylon  
  106  8:29  Probe  
  106  8:31  Stalker  
  106  8:32  Stalker x2, Colossus  
  111  8:39  Pylon  
  111  8:46  Photon Cannon  
  117  8:48  Dark Templar  
  117  8:54  Photon Cannon  
  119  8:55  Shield Battery  
  119  8:58  Pylon  
  118  9:14  Stalker  
  118  9:15  Stalker, Nexus  
  118  9:27  Stalker x2  
  126  9:38  Pylon  
  126  9:40  Pylon  
  126  9:42  Pylon  
  125  9:54  Adept  
  101  10:02  Adept  
  101  10:04  Dark Templar x2  
Tags
 
Add a new tag
Caveats
  • Supply blocks, unpowered buildings, or Contaminate may cause inaccurate times.
  • Supply counts are checked every 10 seconds.